Map: Central Protocol

Players

Miszu

  • Race: Terran Terran
  • League: Grandmaster

BanditZone - Winner!

  • Race: Terran Terran
  • League: Grandmaster

VOD

Have the link to the VOD?

Description

Time

  • Played on: Feb. 22, 2016, 8:47 a.m.
  • Length: 4:52
Show
View Real Time Build Order
Export as new Build Order

Miszu Terran 

Build Orders:  

Get SALT Encoding   

  12  0:02  SCV  
  14  0:14  SCV  
  14  0:19  Supply Depot  
  14  0:26  SCV  
  14  0:28  Refinery  
  15  0:40  SCV  
  16  0:45  Barracks  
  16  0:53  SCV  
  17  1:05  SCV  
  18  1:18  SCV  
  19  1:31  Orbital Command  
  19  1:32  Factory  
  19  1:37  Supply Depot  
  19  1:48  Reaper  
  20  1:57  SCV  
  21  2:08  Command Center  
  21  2:10  SCV  
  22  2:16  Hellion  
  22  2:20  Reaper  
  22  2:22  SCV  
  26  2:29  Refinery  
  26  2:31  Supply Depot  
  26  2:38  Hellion  
  26  2:40  SCV  
  29  2:52  Reaper, SCV  
  29  2:58  Starport  
  31  3:02  Hellion  
  31  3:04  SCV  
  34  3:17  SCV  
  35  3:20  Orbital Command  
  35  3:29  SCV  
  36  3:40  Viking, Starport  
  36  3:41  SCV  
  38  3:47  Hellion  
  40  3:51  SCV  
  40  3:53  SCV  
  40  3:55  Reaper  
  39  4:10  SCV  
  39  4:23  SCV  
  40  4:27  Marine, Hellion  
  40  4:28  SCV  
  44  4:36  SCV  
Show
View Real Time Build Order
Export as new Build Order

BanditZone Terran - Winner!

Build Orders: 1/1/1, Liberator Opening 

Get SALT Encoding   

  12  0:01  SCV  
  13  0:13  SCV  
  14  0:19  Supply Depot  
  14  0:25  SCV  
  15  0:29  Refinery  
  15  0:40  SCV  
  16  0:44  Barracks  
  16  0:52  SCV  
  16  0:55  Refinery  
  17  1:04  SCV  
  18  1:16  SCV  
  19  1:32  Factory  
  19  1:34  Reaper  
  19  1:36  Orbital Command  
  20  1:46  Supply Depot  
  20  2:01  SCV  
  22  2:08  Reaper  
  22  2:15  Starport  
  22  2:18  Hellion  
  24  2:27  SCV  
  24  2:29  Supply Depot  
  25  2:37  Liberator  
  25  2:39  SCV  
  25  2:40  Hellion  
  25  2:41  Reaper  
  29  2:52  SCV  
  33  3:01  Hellion  
  35  3:13  Supply Depot, Reaper  
  36  3:23  Hellion  
  36  3:26  SCV  
  39  3:43  Starport Tech Lab  
  39  3:44  Hellion  
  39  3:45  Reaper  
  39  3:48  Supply Depot, SCV  
  42  4:00  SCV  
  43  4:11  Hellion  
  45  4:17  Reaper  
  49  4:35  Command Center  
  49  4:37  SCV  
Tags
 
Add a new tag
Caveats
  • Supply blocks, unpowered buildings, or Contaminate may cause inaccurate times.
  • Supply counts are checked every 10 seconds.